 Dungeon Crawl Stone Soup version 0.21.1-1-g345015f (webtiles) character file.

59 Merlin the Skirmisher (level 3, 0/29 HPs)
             Began as a Demonspawn Chaos Knight on June 26, 2018.
             Succumbed to a kobold's poison
             ... on level 3 of the Dungeon.
             The game lasted 00:06:54 (1431 turns).

Merlin the Skirmisher (Demonspawn Chaos Knight)     Turns: 1431, Time: 00:06:55

Health: 0/29       AC:  6    Str: 10 (12) XL:     3   Next: 78%
Magic:  3/3        EV: 11    Int: 12 (13) God:    Xom [..*...]
Gold:   39         SH:  0    Dex: 11 (13) Spells: 2/2 levels left

rFire    + . .     SeeInvis .   a - +1 mace (chaos)
rCold    . . .     Gourm    .   (no shield)
rNeg     . . .     Faith    +   b - +3 leather armour
rPois    .         Spirit   .   (no helmet)
rElec    .         Reflect  .   (no cloak)
rCorr    .         Harm     .   (no gloves)
MR       .....                  (no boots)
Stlth    +.........             f - amulet of faith
HPRegen  0.09/turn              (no ring)
MPRegen  0.08/turn              (no ring)

@: lethally poisoned (0 -> -18)
A: fire resistance 1, flame cloud immunity
a: Renounce Religion


You were on level 3 of the Dungeon.
You worshipped Xom.
You were a toy of Xom.
You were not hungry.

You visited 1 branch of the dungeon, and saw 3 of its levels.

You collected 39 gold pieces.

Inventory:

Hand Weapons
 a - a +1 mace of chaos (weapon)
Missiles
 j - 2 needles of paralysis
Armour
 b - a +3 leather armour (worn)
Jewellery
 f - an amulet of faith (around neck)
Scrolls
 d - 2 scrolls of enchant armour
 e - a scroll of teleportation {unknown}
 h - 2 scrolls of magic mapping
 n - a scroll of remove curse {unknown}
Potions
 m - a potion of resistance
Comestibles
 c - 4 rations


   Skills:
 + Level 3.6 Fighting
 + Level 3.6 Maces & Flails
 + Level 2.2 Armour
 + Level 1.0 Dodging


You had 2 spell levels left.
You didn't know any spells.

Dungeon Overview and Level Annotations

Branches:
Dungeon (3/15)

Altars:
Fedhas
Xom


Innate Abilities, Weirdness & Mutations

Your flesh is heat resistant. (rF+)
You are immune to clouds of flame.


Message History

Things that are here:
an uncursed dagger of venom; an uncursed blowgun; 9 poisoned needles
There is a lethal amount of poison in your body!
You feel a surge of divine interest.
f - an amulet of faith (around neck)
You feel sick.
You feel sick.
You feel very sick.
* * * LOW HITPOINT WARNING * * *
You feel sick.
* * * LOW HITPOINT WARNING * * *
You feel sick.
* * * LOW HITPOINT WARNING * * *
You feel sick.
* * * LOW HITPOINT WARNING * * *
You feel sick.
* * * LOW HITPOINT WARNING * * *
You feel sick.
You die...
Xom guffaws!

#############
#...........###
#..............
#...........###
#..@.......
###.####### #.#
####
###.##.....
#..........
#.#(##.....
#.#.# ....
#.#.# ... ###
#)#.# ..


There were no monsters in sight!

Vanquished Creatures
  2 gnolls (D:2)
  2 worms (D:2)
  A dart slug (D:1)
  2 leopard geckos (D:1)
  2 bats
  3 giant cockroaches (D:2)
  A hobgoblin (D:1)
  4 jackals (D:1)
  4 kobolds
  A frilled lizard (D:1)
  3 goblins
  5 rats
30 creatures vanquished.

Notes
Turn   | Place    | Note
-------+----------+-------------------------------------------
     0 | D:1      | Merlin the Demonspawn Chaos Knight began the quest for the Orb.
     0 | D:1      | Reached XP level 1. HP: 18/18 MP: 1/1
    10 | D:1      | XOM: butterfly on damage
   142 | D:2      | XOM: harmless Air miscast
   246 | D:2      | XOM: harmless Air miscast
   292 | D:1      | Gained mutation: Your flesh is heat resistant. (rF+) [demonic ancestry]
   292 | D:1      | Reached XP level 2. HP: 24/24 MP: 2/2
   466 | D:1      | XOM: scenery: create altars
   907 | D:2      | Gained mutation: You are immune to clouds of flame. [demonic ancestry]
   907 | D:2      | Reached XP level 3. HP: 29/29 MP: 3/3
   975 | D:2      | Found a blossoming altar of Fedhas.
  1053 | D:2      | Reached skill level 1 in Dodging
  1113 | D:2      | XOM: divination: detect creatures
  1156 | D:2      | XOM: scenery: create altars
  1430 | D:3      | HP: 1/29 [poisoned by a kobold]
  1431 | D:3      | Succumbed to a kobold's poison

Skill      XL: |  1  2  3 |
---------------+----------+-----
Armour         | 2 |  2.2
Maces & Flails | 3 |  3.6
Dodging        | 1 |  1.0
Fighting       | |  3.6

Action                   || total
-------------------------++-------
Melee: Mace              ||   105
  Use: Scroll            ||     5
       Potion            ||     2
  Eat: Ration            ||     1
Armor: Leather armour    ||    81
Dodge: Dodged            ||   100
